 Dungeon Crawl Stone Soup version 0.21-a0-94-gdd6ab6a (webtiles) character file.

221 Ordine the Shield-Bearer (level 5, -3/32 HPs)
             Began as a Gargoyle Fighter on July 3, 2017.
             Killed from afar by Grim's ghost (7 damage)
             ... with a magic dart
             ... on level 4 of the Dungeon.
             The game lasted 00:04:44 (2438 turns).

Ordine the Shield-Bearer (Gargoyle Fighter)         Turns: 2438, Time: 00:04:44

Health: -3/32      AC: 16    Str: 25    XL:     5   Next: 98%
Magic:  5/5        EV:  7    Int:  8    God:
Gold:   119        SH: 10    Dex: 10    Spells: 4/4 levels left

rFire    + . .     SeeInvis .   a - +0 flail
rCold    . . .     Gourm    .   c - +0 shield
rNeg     + . .     Faith    .   n - +1 scale mail {rF+}
rPois    ∞         Spirit   .   l - +0 helmet
rElec    +         Reflect  .   (no cloak)
rCorr    .         Harm     .   (no gloves)
MR       .....                  j - +2 pair of boots
Stlth    ..........             (no amulet)
HPRegen  0.10/turn              (no ring)
MPRegen  0.09/turn              (no ring)

@: mighty
A: negative energy resistance 1, electricity resistance, unbreathing,
petrification resistance, rot immunity, AC +4
a: no special abilities


You were on level 4 of the Dungeon.
You were hungry.

You visited 1 branch of the dungeon, and saw 4 of its levels.

You collected 119 gold pieces.

Inventory:

Hand Weapons
 a - a +0 flail (weapon)
Armour
 c - a +0 shield (worn)
 j - a +2 pair of boots (worn)
 l - a +0 helmet (worn)
 n - a +1 scale mail of fire resistance (worn)
Wands
 k - a wand of random effects (23/48)
Scrolls
 q - a scroll of blinking
Potions
 b - a potion of resistance {unknown}
 e - a potion of mutation {unknown}
 g - a potion of cancellation {unknown}
 i - a potion of berserk rage {unknown}
 m - 2 potions of curing {unknown}
 p - a potion of heal wounds {unknown}
 r - a potion of degeneration {unknown}
Comestibles
 f - a bread ration
 o - 2 meat rations


   Skills:
 - Level 3.2 Fighting
 * Level 4.8 Maces & Flails
 - Level 3.2 Armour
 + Level 5.0 Shields


You had 4 spell levels left.
You didn't know any spells.

Dungeon Overview and Level Annotations

Branches:
Dungeon (4/15)
 Temple: D:4-7

Altars:
Cheibriados
Dithmenos
Qazlal
Sif Muna
Zin

Annotations:
D:4 Grim's ghost, amateur DECj


Innate Abilities, Weirdness & Mutations

You are resistant to torment.
Your stone body is resilient. (AC +4)
You are immune to poison.
You resist negative energy. (rN+)
You are resistant to electric shocks. (rElec)
You can survive without breathing.
You are immune to petrification.
You are immune to rotting.


Message History

* * * LOW HITPOINT WARNING * * *
You block Grim's ghost's attack. You block the ooze's attack.
You closely miss Grim's ghost.
Grim's ghost is almost destroyed.
Grim's ghost points at you and mumbles some strange words.
The spray of energy hits you! You block the ooze's attack.
You closely miss Grim's ghost.
Grim's ghost is almost destroyed.
Grim's ghost hits you but does no damage.
The ooze hits you but does no damage.
Grim's ghost whispers, "It is all a dream - a grotesque and foolish dream."
Grim's ghost hits you but does no damage.
All of the chunks of flesh in your inventory have rotted away.
Okay, then.
You miss Grim's ghost.
Grim's ghost is almost destroyed.
The ooze hits you but does no damage.
Grim's ghost points at you and mumbles some strange words.
The magic dart hits you!
You die...

.... .# ...#
..# .... ..
... .. #.##.
#.###...
#......####...
#WJ.....#
#@.#...## ##<#
#.#
..........# #
#######.....#
..###.#
..###...
#..###....
#...# .###
....#..#


You could see Grim's ghost and an ooze.

Vanquished Creatures
  An iguana (D:4)
  Terence (D:3)
  2 worker ants (D:4)
  Robin (D:1)
  4 adders (D:3)
  3 worms
  2 dart slugs
  2 leopard geckos
  An orc (D:3)
  2 bats
  5 giant cockroaches
  12 goblins
  5 hobgoblins
  6 jackals
  4 frilled lizards
  4 kobolds
  4 rats
59 creatures vanquished.

Notes
Turn   | Place    | Note
-------+----------+-------------------------------------------
     0 | D:1      | Ordine the Gargoyle Fighter began the quest for the Orb.
     0 | D:1      | Reached XP level 1. HP: 14/14 MP: 1/1
   456 | D:1      | Reached XP level 2. HP: 17/19 MP: 2/2
   795 | D:2      | Found a shadowy altar of Dithmenos.
   888 | D:2      | Noticed Robin
   904 | D:1      | Reached XP level 3. HP: 13/23 MP: 3/3
  1066 | D:1      | Reached skill level 4 in Shields
  1085 | D:1      | Killed Robin
  1187 | D:2      | Reached XP level 4. HP: 20/28 MP: 4/4
  1570 | D:3      | Noticed Terence
  1588 | D:3      | Killed Terence
  1928 | D:3      | Reached XP level 5. HP: 28/32 MP: 5/5
  1965 | D:3      | Found a glowing silver altar of Zin.
  1977 | D:3      | Found a deep blue altar of Sif Muna.
  1985 | D:3      | Found a stormy altar of Qazlal.
  2145 | D:3      | Found a snail-covered altar of Cheibriados.
  2215 | D:4      | Reached skill level 5 in Shields
  2337 | D:4      | Noticed Grim's ghost (amateur DECj)
  2438 | D:4      | Killed from afar by Grim's ghost

Vault maps used:
D:1:      erik_arrival_cave_to_civilisation
D:2:      nicolae_dithmenos_through_a_glass_darkly, uniq_robin
D:3:      lemuel_round_altar, minitemple, minmay_bisected, uniq_terence
D:4:      cheibrodos_ashenzari_chains, first_bread, st_stairs_14,
          grunt_ministairs_2

Skill      XL: |  1  2  3  4  5 |
---------------+----------------+-----
Maces & Flails | 3 4 |  4.8
Shields        | 4 5 |  5.0
Fighting       | |  3.2
Armour         | |  3.2

Action                   |  1- 3 |  4- 6 || total
-------------------------+-------+-------++-------
Melee: Flail             |   161 |   128 ||   289
  Use: Scroll            |     2 |     2 ||     4
       Potion            |       |     1 ||     1
  Eat: Chunk             |     1 |     4 ||     5
Armor: Scale mail        |   105 |    78 ||   183
Dodge: Dodged            |    65 |    31 ||    96
Block: Shield            |    96 |    74 ||   170
